 Dungeon Crawl Stone Soup version 0.19-a0-1568-gdd01aac (webtiles) character file.

21 junb69 the Skirmisher (level 2, -2/28 HPs)
             Began as a Minotaur Chaos Knight on Sept 15, 2016.
             Killed from afar by an orc wizard (7 damage)
             ... with a magic dart
             ... on level 3 of the Dungeon.
             The game lasted 00:01:51 (506 turns).

junb69 the Skirmisher (Minotaur Chaos Knight)        Turns: 506, Time: 00:01:52

Health: -2/28      AC:  8    Str: 18 (21) XL:     2   Next: 65%
Magic:  1/1        EV:  7    Int:  7 (9)  God:    Xom [......]
Gold:   24         SH:  0    Dex:  7 (9)  Spells: 0 memorised, 1 level left

rFire  . . .     SeeInvis .     a - +0 hand axe (chaos)
rCold  + . .     Gourm    .     h - +0 chain mail
rNeg   . . .     Faith    .     (no shield)
rPois  .         Spirit   .     (helmet restricted)
rElec  .         Dismiss  .     (no cloak)
rCorr  .         Reflect  .     (no gloves)
MR     .....     Harm     .     (no boots)
Stlth  ..........               (no amulet)
                                (no ring)
                                (no ring)

@: mighty, lethally poisoned (-2 -> -10), very slightly contaminated, hasted,
very quick
A: retaliatory headbutt, horns 2, cold resistance 1
a: Renounce Religion


You were on level 3 of the Dungeon.
You worshipped Xom.
You were a very special plaything of Xom.
You were not hungry.

You visited 1 branch of the dungeon, and saw 3 of its levels.

You collected 24 gold pieces.

Inventory:

Hand Weapons
 a - a +0 hand axe of chaos (weapon)
Armour
 h - a +0 chain mail (worn)
Jewellery
 j - an uncursed amulet of guardian spirit {unknown}
Scrolls
 b - a scroll of noise {unknown}
 f - a scroll of fear {unknown}
 g - a scroll of magic mapping {unknown}
 k - a scroll of identify {unknown}
Comestibles
 c - a bread ration
 l - 4 chunks of flesh


   Skills:
 * Level 4.3 Fighting
 * Level 4.2 Axes
 - Level 2.4 Armour
 - Level 1.1 Dodging


You had one spell level left.
You didn't know any spells.

Dungeon Overview and Level Annotations

Branches:
Dungeon (3/15)

Altars:


Innate Abilities, Weirdness & Mutations

You reflexively headbutt those who attack you in melee.
You have a pair of horns on your head.
Your flesh is cold resistant. (rC+)


Message History

There was something very wrong with that liquid.
You feel weakened.
You feel dopey.
You feel clumsy.
Xom thinks this is hilarious!
It was a potion of mutation.
You feel extremely strange.
You feel agile.
You feel clumsy.
You feel resistant to cold.
* * * LOW HITPOINT WARNING * * *
You feel sick.
It was a potion of haste.
You feel yourself speed up.
Xom roars with laughter!
* * * LOW HITPOINT WARNING * * *
You feel sick. The orc wizard closely misses you.
The orc hits you with an enchanted hand axe.
* * * LOW HITPOINT WARNING * * *
You are very lightly contaminated with residual magic.
It was a potion of might.
You feel very mighty all of a sudden.
The orc wizard points at you and mumbles some strange words.
The magic dart hits you!
You die...
Xom chuckles heartily!

..###.............##
#.# ##............##
#.# #.#...........#
#.. #.##...(......##
##.#
#.##...........# #
.. ..##......K..#..#
#
#.#.#######.go####.#
# ... #.#o## #
#.#o@# # #.##.# #
#.##..# # #.###..# .
#.# #... . #.# ###.
. #


You could see an orc wizard, 2 orcs, a hobgoblin and a kobold.

Vanquished Creatures
  A dart slug (D:2)
  A leopard gecko (D:1)
  2 orcs (D:3)
  A ball python (D:1)
  A bat (D:1)
  3 hobgoblins
  3 kobolds
  A frilled lizard (D:1)
  2 rats
15 creatures vanquished.

Notes
Turn   | Place    | Note
-------+----------+-------------------------------------------
     0 | D:1      | junb69 the Minotaur Chaos Knight began the quest for the Orb.
     0 | D:1      | Reached XP level 1. HP: 19/19 MP: 0/0
   115 | D:1      | XOM: harmless Tmut miscast
   252 | D:1      | Reached XP level 2. HP: 21/27 MP: 1/1
   504 | D:3      | Gained mutation: You are agile. (Dex +2) [potion of mutation]
   504 | D:3      | Lost mutation: You are agile. (Dex +2) [potion of mutation]
   504 | D:3      | Gained mutation: Your flesh is cold resistant. (rC+) [potion of mutation]
   506 | D:3      | Killed from afar by an orc wizard

Vault maps used:
D:1:      dpeg_arrival_simpleton_b
D:2:      minmay_goblin_kobold_house
D:3:      ecumenical_altar_1, serial_curves, eino_curves_01, eino_curves_04

Skill      XL: |  1  2 |
---------------+-------+-----
Axes           | 4 |  4.2
Fighting       | 4 |  4.3
Armour         | |  2.4
Dodging        | |  1.1

Action                   || total
-------------------------++-------
Melee: Hand axe          ||    36
       Headbutt          ||     7
  Use: Potion            ||     4
Armor: Leather armour    ||     7
       Chain mail        ||     9
Dodge: Dodged            ||    13
